 Dungeon Crawl Stone Soup version 0.28.0-53-g5a82cb258f (webtiles) character file.

Game seed: 2657347376945832155

34 Sin92 the Chiller (level 3, 0/37 HPs)
             Began as a Demonspawn Ice Elementalist on July 12, 2022.
             Slain by a worm (5 damage)
             ... on level 2 of the Dungeon.
             The game lasted 00:04:07 (2491 turns).

Sin92 the Chiller (Demonspawn Ice Elementalist)     Turns: 2491, Time: 00:04:08

Health: 0/37       AC: 21    Str:  8    XL:     3   Next: 14%
Magic:  3/6        EV:  2    Int: 16    God:
Gold:   22         SH:  0    Dex: 15    Spells: 5/6 levels left

rFire   . . .      SeeInvis .   f - +1 short sword
rCold   . . .      Faith    .   (no shield)
rNeg    . . .      Spirit   .   (armour currently unavailable)
rPois   +          Reflect  .   (helmet currently unavailable)
rElec   .          Harm     .   (cloak currently unavailable)
rCorr   .          Rampage  .   (gloves currently unavailable)
Will    .....      NoTele   +   (boots currently unavailable)
Stlth   ++........              (no amulet)
HPRegen 0.12/turn               (no ring)
MPRegen 0.10/turn               (no ring)

@: tree-form
A: stationary, stasis, torment immunity, boosted hp, (hooves 1)
a: no special abilities


You were on level 2 of the Dungeon.
You were a tree.
You visited 1 branch of the dungeon, and saw 2 of its levels.

You collected 22 gold pieces.

Inventory:

Hand Weapons
 f - a +1 short sword (weapon)
Armour
 a - a +0 robe (melded)
 e - a +0 pair of gloves (melded)
Scrolls
 c - a scroll of teleportation
 d - 2 scrolls of identify


   Skills:
 + Level 0.7 Fighting
 * Level 0.3 Short Blades
 + Level 0.6 Armour
 + Level 2.0 Dodging
 + Level 2.0 Stealth
 + Level 2.4 Spellcasting
 + Level 3.7 Ice Magic


You had 5 spell levels left.
You knew the following spells:

 Your Spells              Type           Power      Damage    Failure   Level
a - Freeze                Ice            56%        1d7       4%          1

Your spell library contained the following spells:

 Spells                   Type           Power      Damage    Failure   Level
 Frozen Ramparts          Ice            28%        1d4       13%         3
 Ozocubu's Armour         Ice            14%        N/A       13%         3
 Hailstorm                Conj/Ice       7%         3d4       67%         4


Dungeon Overview and Level Annotations

Branches:
Dungeon (2/15)

Altars:


Innate Abilities, Weirdness & Mutations

You are a tree.
Your roots penetrate the ground, keeping you stationary.
You cannot be teleported.
You are immune to unholy pain and torment.
Your maximum health is greatly increased.
Your equipment is partially melded.
((You have large cloven feet.))


Message History

The rat twitches its whiskers.
The rat bites you but does no damage.
You hit the rat.
You kill the rat!
You closely miss the frilled lizard.
The frilled lizard bites you but does no damage.
You hit the frilled lizard.
You kill the frilled lizard!
You hit the worm.
The worm is moderately wounded.
The worm barely misses you.
You hit the worm.
The worm is moderately wounded.
You hit the worm but do no damage.
The worm is moderately wounded.
The worm bites you.
* * * LOW HITPOINT WARNING * * *
You hit the worm but do no damage.
The worm is moderately wounded.
The worm bites you but does no damage.
You hit the worm.
The worm is heavily wounded.
You hit the worm.
The worm is heavily wounded.
The worm bites you.
* * * LOW HITPOINT WARNING * * *
You barely miss the worm.
The worm is heavily wounded.
The worm bites you but does no damage.
You hit the worm.
The worm is severely wounded.
You hit the worm.
The worm is severely wounded.
The worm bites you but does no damage.
You barely miss the worm.
The worm is severely wounded.
You hit the worm but do no damage.
The worm is severely wounded.
The worm bites you.
You die...

#........# #........#
#### #........# #...
#........# #...
#.######.# #... #.#
#.#######
###.######.......#
#.......>....###.#
#♣#.####.##......#
########w#.####.##..##..#
#......#...##............
#....$.'......#..........
#.....w#......###..#...)#
#......+......(.........#
#......#..##..#.#.###...#
#......#...............)#
#......#.............÷..÷


You could see a worm.

Vanquished Creatures
  7 ball pythons
  5 endoplasms
  A goblin (D:2)
  2 hobgoblins (D:1)
  3 kobolds
  7 bats
  5 frilled lizards
  5 rats
35 creatures vanquished.

Vanquished Creatures (others)
  2 fungi (D:2)
2 creatures vanquished.

Grand Total: 37 creatures vanquished

Notes
Turn   | Place    | Note
-------+----------+-------------------------------------------
     0 | D:1      | Sin92 the Demonspawn Ice Elementalist began the quest for
                  | the Orb.
     0 | D:1      | Reached XP level 1. HP: 13/13 MP: 3/3
   885 | D:1      | Gained mutation: You have large cloven feet. [demonic
                  | ancestry]
   885 | D:1      | Reached XP level 2. HP: 18/19 MP: 0/5
  2171 | D:2      | Reached XP level 3. HP: 17/25 MP: 6/6
  2491 | D:2      | Slain by a worm

Illustrated notes

Levels and vault maps discovered:
D:1:      scummos_arrival_gate, layout_loops_corners
D:2:      cheibrodos_greedy_goblins, layout_basic,
          shapermc_ecumenical_altar_acropolis, kennysheep_boxes, uniq_natasha,
          uniq_crazy_yiuf_cottage

Skill      XL: |  1  2 |
---------------+-------+-----
Stealth        | 2 |  2.0
Dodging        | 2 |  2.0
Fighting       | |  0.7
Short Blades   | |  0.3
Armour         | |  0.6
Spellcasting   | |  2.4
Ice Magic      | |  3.7

Action                   || total
-------------------------++-------
Melee: Unarmed           ||    71
       Punch             ||     2
       Short sword       ||    38
       Kick              ||    13
 Cast: Freeze            ||    36
  Use: Scroll            ||     2
       Potion            ||     1
 Stab: Sleeping          ||     5
Armor: Robe              ||    38
       Skin              ||     5
Dodge: Dodged            ||    98
